 Dungeon Crawl Stone Soup: Circus Animals version 1.7-37-g2c94cca (webtiles) character file.

55 DarthKuruptios the Skirmisher (level 4, -1/62 HPs) *STANDARD*
             Began as a Demonspawn Fighter on Oct 18, 2016.
             Was a Priest of Makhleb.
             Slain by a hellwing (9 damage)
             ... summoned by the player character
             ... on level 4 of the Dungeon.
             The game lasted 00:17:44 (4477 turns).

DarthKuruptios the Skirmisher (Demonspawn Fighter)  Turns: 4477, Time: 00:17:45

Health: -1/62      AC: 18    Str: 16    XL:     4   Next: 86%
Magic:  67/100     EV:  6    Int: 12    God:    Makhleb [***...]
Gold:   26         SH: 13    Dex: 13    Spells: 1 memorised, 0 levels left

rFire  . . .     rPois    .     a - +1 trident
rCold  + . .     rElec    .     i - +5 ring mail of the Untouchables {Int+2}
rNeg   + . .     rCorr    .     c - +0 shield MagicSh . . . SeeInvis .
                                (helmet restricted) StaminaSh . . . Faith .
                                g - +0 cloak RegenHP ++........
SustAt +                        d - +2 pair of gloves RegenSP +++....... Dismiss .
                                (no boots) RegenMP +++....... Reflect .
                                (no amulet)
MR     +....     Harm     .     f - ring of sustain attributes
Stlth  +.........               e - ring of positive energy

@: focus, very slightly contaminated, constricted, slow, somewhat resistant to
hostile enchantments, very unstealthy
A: antennae 1, cold resistance 1
a: Minor Destruction, Lesser Servant of Makhleb, Renounce Religion


You were on level 4 of the Dungeon.
You worshipped Makhleb.
Makhleb was most pleased with you.
You were not hungry.

You visited 1 branch of the dungeon, and saw 4 of its levels.

You collected 233 gold pieces.
You spent 207 gold pieces at shops.

Inventory:

Hand Weapons
 a - a +1 trident (weapon)
Armour
 b - a +0 scale mail
 c - a +0 shield (worn)
 d - a +2 pair of gloves (worn)
 g - a +0 cloak (worn)
 i - the +5 ring mail of the Untouchables (worn) {Int+2}
   (You found it on level 4 of the Dungeon)

   It affects your intelligence (+2).
Jewellery
 e - a ring of positive energy (left hand)
 f - a ring of sustain attributes (right hand)
Wands
 h - a wand of disintegration (10/24)
Scrolls
 a - a scroll of fear
 b - a scroll of noise {unknown}
 e - 3 scrolls of blinking
 f - a scroll of identify
Potions
 c - 6 potions of stamina
 d - 4 potions of magic
 g - a potion of agility
 h - a potion of curing
 i - a potion of lignification
 j - 3 potions of flight
 l - a potion of invisibility {unknown}
 m - a potion of brilliance {unknown}
 n - 2 potions of haste {unknown}
 o - a potion of berserk rage {unknown}
Books
 k - a book of Battle

   Spells                             Type                      Level
   a - Infusion                       Charms                       1
   b - Shroud of Golubria             Charms/Translocation         2
   c - Song of Slaying                Charms/Light                 2
   d - Spectral Weapon                Hexes/Charms                 3
   e - Regeneration                   Charms/Necromancy            3


   Skills:
 + Level 3.6 Fighting
 + Level 3.3 Polearms
 - Level 1.0 Throwing
 - Level 2.8 Armour
 + Level 2.9 Shields
 * Level 0.0 Spellcasting
 * Level 0.5 Charms
 * Level 0.7 Necromancy


You couldn't memorise any spells.
You knew the following spells:

 Your Spells              Type           Power        Failure   Level  Hunger
a - Regeneration          Chrm/Necr      #.........   32%         3    ###....


Dungeon Overview and Level Annotations

Branches:
Dungeon (4/7)

Altars:
Ashenzari
Dithmenos
Makhleb

Shops:
D:4 *


Innate Abilities, Weirdness & Mutations

You have a pair of small antennae on your head.
Your flesh is cold resistant. (rC+)


Message History

The ball python completely misses you. The hellwing hits you. (hp-4)
* * * LOW HITPOINT WARNING * * *; The hellwing hits you but does no damage.
You block the scorpion's attack. You block the ball python's attack. x2
You miscast Regeneration.
You are very lightly contaminated with residual magic.
Nothing appears to happen.
You block the hellwing's attack. The hellwing hits you. (hp-1)
* * * LOW HITPOINT WARNING * * *; The ball python bites you but does no damage.
You block the ball python's attack. You block the scorpion's attack.
The ball python bites you but does no damage.
The ball python grabs you. The ball python constricts you.
The hellwing closely misses you. The hellwing completely misses you.
You block the scorpion's attack.
You hit the hellwing. (mon hp-1)
The ball python bites you but does no damage.
The ball python constricts you.
The hellwing hits you but does no damage.
The hellwing hits you. (hp-3)
* * * LOW HITPOINT WARNING * * *; The scorpion stings you but does no damage.
You block the ball python's attack. (hp-1)
* * * LOW HITPOINT WARNING * * *; The ball python constricts you.
The hellwing hits you! (hp-9)
You die...

..............# .#
..............# ..+
..............# ..#+#
#....##.##...## ..... #
#####
#....##.##...####..+##.#
##....
........#...............
......
........#...............
......
........+.......4.....#
......
##########...###@######
###+##
###...#########Ss...####.
###..##
..............#..........
#.....†
..............'..........
#......
.........................
#......
.........................
#......
..............#..........
#......
########......#..........
#......
###.####.....##...#######
#######


You could see a hellwing, a scorpion and a ball python.

Vanquished Creatures
  A scorpion (D:4)
  A crimson imp (D:2)
  An orc priest (D:4)
  2 worker ants (D:4)
  A hound skeleton (D:4)
  5 dart slugs
  3 giant geckos
  An ooze (D:3)
  9 orcs
  8 adders
  2 ball pythons
  8 bats
  6 giant cockroaches
  4 gnolls (D:3)
  11 goblins
  7 hobgoblins
  5 jackals
  3 quokkas
  6 worms
  A giant gecko skeleton (D:4)
  8 giant newts
  7 kobolds
  10 rats
110 creatures vanquished.

Vanquished Creatures (others)
  A ghoul (D:1)
  A minotaur (D:1)
  2 elves (D:1)
  A gargoyle (D:1)
  A troll (D:1)
  2 formicids (D:1)
  A vampire (D:1)
  A human (D:1)
  A naga (D:1)
  A dwarf (D:1)
  A centaur (D:1)
  A mummy (D:1)
  A kobold (D:1)
  5 tentacles (D:1)
  63 tentacle segments (D:1)
83 creatures vanquished.

Grand Total: 193 creatures vanquished

Notes
Turn   | Place    | Note
-------+----------+-------------------------------------------
     0 | D:1      | DarthKuruptios the Demonspawn Fighter began the quest for the Orb.
     0 | D:1      | Reached XP level 1. HP: 32/32 MP: 100/100
     2 | D:1      | Noticed a troll
     2 | D:1      | Noticed a formicid
     2 | D:1      | Noticed a centaur
     2 | D:1      | Noticed a dwarf
     2 | D:1      | Noticed a gargoyle
     2 | D:1      | Noticed a human
     2 | D:1      | Noticed a kraken
     2 | D:1      | Noticed an elf
     2 | D:1      | Noticed a vampire
     2 | D:1      | Noticed an elf
     2 | D:1      | Noticed a naga
     2 | D:1      | Noticed a minotaur
     2 | D:1      | Noticed a ghoul
     2 | D:1      | Noticed a formicid
     4 | D:1      | Killed a centaur
     5 | D:1      | Killed a gargoyle
     6 | D:1      | Killed a dwarf
     8 | D:1      | Killed a formicid
     9 | D:1      | Killed a ghoul
     9 | D:1      | Killed a human
    11 | D:1      | Killed a formicid
    12 | D:1      | Killed an elf
    13 | D:1      | Killed a vampire
    13 | D:1      | Killed a naga
    16 | D:1      | Killed a troll
    17 | D:1      | Killed a minotaur
    18 | D:1      | Killed an elf
    90 | D:1      | Reached skill level 1 in Throwing
   414 | D:1      | Gained mutation: You have a pair of small antennae on your head. [demonic ancestry]
   414 | D:1      | Reached XP level 2. HP: 40/42 MP: 100/100
  1007 | D:1      | Reached XP level 3. HP: 52/52 MP: 100/100
  1387 | D:2      | Found a burning altar of Makhleb.
  1445 | D:2      | Became a worshipper of Makhleb the Destroyer
  2104 | D:2      | Reached * piety under Makhleb
  2390 | D:3      | Gained mutation: Your flesh is cold resistant. (rC+) [demonic ancestry]
  2390 | D:3      | Reached XP level 4. HP: 29/62 MP: 100/100
  2848 | D:3      | Found a shattered altar of Ashenzari.
  3214 | D:3      | Reached ** piety under Makhleb
  3751 | D:3      | Learned a level 3 spell: Regeneration
  3833 | D:4      | Found a shadowy altar of Dithmenos.
  4159 | D:4      | Found Cecoikoask's Assorted Antiques.
  4173 | D:4      | Bought a moonstone ring for 115 gold pieces
  4173 | D:4      | Bought a fluorescent wand for 92 gold pieces
  4346 | D:4      | Reached *** piety under Makhleb
  4390 | D:4      | Got a warped ring mail
  4401 | D:4      | Identified the +5 ring mail of the Untouchables {Int+2} (You found it on level 4 of the Dungeon)
  4467 | D:4      | Noticed a hellwing
  4477 | D:4      | Slain by a hellwing

Skill      XL: |  1 |
---------------+----+-----
Throwing       | 1 |  1.0
Fighting       | 3 |  3.6
Polearms       | 3 |  3.3
Armour         | |  2.8
Shields        | |  2.9
Charms         | |  0.5
Necromancy     | |  0.7

Action                   |  1- 3 |  4- 6 || total
-------------------------+-------+-------++-------
Melee: Trident           |   326 |   254 ||   580
 Cast: Regeneration      |       |     1 ||     1
Invok: Minor Destruction |       |     1 ||     1
       Lesser Servant of |       |     1 ||     1
  Use: Scroll            |    12 |     3 ||    15
       Potion            |     5 |     5 ||    10
Armor: Scale mail        |   140 |   121 ||   261
       Ring mail         |       |    18 ||    18
Dodge: Dodged            |   149 |   184 ||   333
Block: Shield            |   162 |   229 ||   391
